AoeStats
← Driezell

Arabia

510364937Analyzed
1v1 RM · 19h ago on Sep 30, 2026· 56m 51s· 2 players
Game mode
Random Map
Map size
Tiny (2 player)
Population
200
Speed
Normal
Resources
Standard
Victory
Conquest
Starting age
Dark Age
Ending age
Imperial Age
RankedLock teamsTeams togetherTeam positionsShared explorationLock speedFull tech treeHidden civsTurbo modeCheats
Victory
Defeat
🇿🇦 Mongols · South Africa
922
+17
🇳🇱 Ethiopians · Netherlands
944
-17
GreenBeret
6:57 Loom
9:14 Feudal Age
13:21 Forging
17:11 Double-Bit Axe
17:09 Horse Collar
18:05 Gold Mining
21:27 Castle Age
21:32 Fletching
21:56 Bloodlines
24:35 Ballistics
25:18 Bodkin Arrow
26:16 Heavy Plow
28:44 Thumb Ring
29:35 Husbandry
32:10 Elite Skirmisher
33:34 Padded Archer Armor
36:06 Leather Archer Armor
39:01 Stone Mining
39:39 Bow Saw
42:55 Imperial Age
42:21 Murder Holes
43:49 Gold Shaft Mining
43:52 Stone Shaft Mining
44:14 Wheelbarrow
43:51 Light Cavalry
44:59 Parthian Tactics
44:37 Bracer
45:11 Conscription
45:07 Hussar
46:22 Hand Cart
45:56 Town Watch
46:30 Capped Ram
49:21 Chemistry
49:04 Scale Barding Armor
49:48 Onager
52:07 Iron Casting
51:53 Chain Barding Armor
53:07 Siege Ram
55:16 Elite Mangudai
56:18 Drill
Driezell
9:13 Loom
10:59 Feudal Age
14:54 Padded Archer Armor
14:45 Fletching
16:21 Double-Bit Axe
26:26 Castle Age
25:22 Wheelbarrow
24:40 Horse Collar
26:33 Crossbowman
27:15 Bodkin Arrow
27:35 Leather Archer Armor
28:27 Bow Saw
29:16 Ballistics
30:06 Hand Cart
31:36 Thumb Ring
38:57 Light Cavalry
40:40 Scale Barding Armor
40:47 Forging
42:04 Chain Barding Armor
47:03 Imperial Age
46:27 Town Watch
47:05 Arbalester
47:52 Bracer
48:22 Ring Archer Armor
49:47 Chemistry
50:53 Town Patrol
Connection lost

Rejoining the realm…

Still unreachable

The connection could not be restored.

Session expired

The server has moved on; the page needs a fresh start.